 Dungeon Crawl Stone Soup version 0.29-a0-187-ga23d9638d5 (webtiles) character file.

Game seed: 10321428405722745780

644 cyrus the Shield-Bearer (level 7, -4/60 HPs)
             Began as a Gnoll Fighter on Feb 21, 2022.
             Was a Believer of Sif Muna.
             Slain by an orc (6 damage)
             ... on level 5 of the Dungeon.
             The game lasted 00:10:51 (4320 turns).

cyrus the Shield-Bearer (Gnoll Fighter)             Turns: 4320, Time: 00:10:51

Health: -4/60      AC: 14    Str: 21    XL:     7   Next: 52%
Magic:  10/10      EV: 11    Int:  9    God:    Sif Muna [**....]
Gold:   224        SH:  0    Dex: 14    Spells: 11/11 levels left

rFire   . . .      SeeInvis .   u - +3 battleaxe of Descent {vorpal, Fragile rCorr Dex+2, monster spanker}
rCold   . . .      Faith    .   (shield currently unavailable)
rNeg    . . .      Spirit   .   b - +0 scale mail
rPois   .          Reflect  .   (no helmet)
rElec   +          Harm     .   (no cloak)
rCorr   +          Rampage  .   (no gloves)
Will    .....                   q - +5 pair of boots "Icugaare" {rElec Str+6}
Stlth   +.........              (no amulet)
HPRegen 0.20/turn               (no ring)
MPRegen 0.12/turn               (no ring)

@: mighty, lethally poisoned (-4 -> -5)
A: fangs 1, strong nose, distributed training
a: Renounce Religion, Channel Magic


You were on level 5 of the Dungeon.
You worshipped Sif Muna.
Sif Muna was pleased with you.
You visited 1 branch of the dungeon, and saw 5 of its levels.

You collected 224 gold pieces.

Inventory:

Hand Weapons
 a - a +0 long sword
 u - the +3 battleaxe of Descent (weapon) {vorpal, Fragile rCorr Dex+2, monster spanker}
   (You found it on level 3 of the Dungeon)

   It inflicts extra damage upon your enemies.
   Dex:       It affects your dexterity (+2).
   rCorr:     It protects you from acid and corrosion.
   Fragile:   It will be destroyed if unequipped.
Armour
 b - a +0 scale mail (worn)
 c - a +0 buckler
 j - a +1 robe of willpower
 q - the +5 pair of boots "Icugaare" (worn) {rElec Str+6}
   (You found it on level 2 of the Dungeon)

   Str:       It affects your strength (+6).
   rElec:     It insulates you from electricity.
Jewellery
 l - a +6 ring of strength
 r - a ring of positive energy
 t - a ring of wizardry
Wands
 m - a wand of charming (9)
Scrolls
 e - 6 scrolls of teleportation {unknown}
 f - a scroll of enchant weapon {unknown}
 i - 5 scrolls of identify {unknown}
 n - 2 scrolls of noise {unknown}
 o - a scroll of blinking {unknown}
 p - 3 scrolls of fear {unknown}
 s - a scroll of amnesia {unknown}
 w - a scroll of fog {unknown}
 x - a scroll of holy word {unknown}
 y - a scroll of magic mapping {unknown}
Potions
 d - a potion of might
 g - a potion of haste {unknown}
 h - 4 potions of curing {unknown}
 k - 4 potions of heal wounds {unknown}
 v - a potion of brilliance {unknown}
 z - a potion of attraction {unknown}


   Skills:
 + Level 7.0 Fighting
 + Level 2.5 Short Blades
 + Level 5.2 Long Blades
 + Level 2.5 Axes
 + Level 2.5 Maces & Flails
 + Level 2.5 Polearms
 + Level 2.5 Staves
 + Level 2.5 Slings
 + Level 2.5 Bows
 + Level 2.5 Crossbows
 + Level 2.5 Throwing
 + Level 7.0 Armour
 + Level 2.5 Dodging
 + Level 2.5 Stealth
 + Level 7.0 Shields
 + Level 2.5 Unarmed Combat
 + Level 2.5 Spellcasting
 + Level 2.0 Conjurations
 + Level 2.0 Hexes
 + Level 2.0 Summonings
 + Level 2.0 Necromancy
 + Level 2.0 Translocations
 + Level 2.0 Transmutations
 + Level 2.0 Fire Magic
 + Level 2.0 Ice Magic
 + Level 2.0 Air Magic
 + Level 2.0 Earth Magic
 + Level 2.0 Poison Magic
 + Level 2.8 Invocations
 + Level 2.5 Evocations


You had 11 spell levels left.
You didn't know any spells.
Your spell library contained the following spells:

 Spells                   Type           Power      Damage    Failure   Level
 Corpse Rot               Necr/Air       8%         N/A       45%         2
 Ensorcelled Hibernation  Hex/Ice        8%         N/A       45%         2
 Passwall                 Tmut/Erth      3%         N/A       45%         2
 Swiftness                Air            4%         N/A       69%         3
 Dispel Undead            Necr           4%         3d7       97%         4
 Death Channel            Necr           2%         N/A       100%        6


Dungeon Overview and Level Annotations

Branches:
Dungeon (5/15)
 Temple: D:4-7

Altars:
Makhleb
Nemelex Xobeh
Sif Muna


Innate Abilities, Weirdness & Mutations

You have very sharp teeth.
Your uncanny sense of smell can sniff out nearby items.
Your experience applies equally to all skills.


Message History

Something hits you but does no damage. The hound bites you but does no damage.
The iguana hisses menacingly.
The ufetubus closely misses you.
The ufetubus hits you but does no damage.
The orc wizard mumbles some strange words.
The orc wizard flickers and vanishes!
The hound bites you but does no damage. The orc hits you with a +0 flail.
Aiming: Charm
Press: ? - help, Q - select action, (/) - cycle Shift-Dir - straight line, f - ufetubus
Aim: an ufetubus (chance to affect: 64%)
The ufetubus is charmed.
You feel yourself speed up.
You feel sick. Something hits you. The hornet misses your ufetubus.
The hound misses you.
The hornet closely misses your ufetubus.
The orc misses you. The hound closely misses you. Something hits you.
The shadow imp hits your ufetubus.
Your ufetubus barely misses the shadow imp. x2
You feel sick. Something barely misses you.
The hornet barely misses your ufetubus. The orc misses you.
Something completely misses your ufetubus.
Your ufetubus misses the shadow imp. Your ufetubus hits the shadow imp.
The shadow imp closely misses your ufetubus.
The hornet closely misses your ufetubus.
The hound barely misses you.
You feel very mighty all of a sudden.
You feel sick. Something hits you but does no damage. Something hits you!
* * * LOW HITPOINT WARNING * * *
Your ufetubus barely misses the shadow imp.
Your ufetubus hits the shadow imp but does no damage.
The hornet stings your ufetubus!
Your ufetubus dies!
The orc hits you but does no damage. The hound misses you.
Unknown command.
You closely miss the hound. You closely miss the orc.
You feel sick. Something hits you!
* * * LOW HITPOINT WARNING * * *
The hound barely misses you. The orc barely misses you.
The hound closely misses you. The orc hits you with a +0 flail.
You die...

#.......# #.<.....#
#.......# .. #.
####..### ∆ #.. #.#
##..## . #..##.# #....#
.. .....#####....# ...##
#....##......# ......
#...##.#.@..#
...#..##.....[#ohl.#
.......(....†{55y#{#
................Z.{#
#...#...#...#...#..# .
#...#!#...#.#...#
#...#...#...#......
...o.................
#...#...#...#...#......#


You could see a hornet, an iguana, a hound, a white imp, a shadow imp, an orc
and a hound skeleton.

Vanquished Creatures
  A sky beast (D:5)
  A necrophage (D:5)
  A water moccasin zombie (D:5)
  A gnoll shaman (D:4)
  An iguana (D:5)
  Natasha (thrice) (D:4)
  An orc wizard (D:4)
  A hound skeleton (D:4)
  Robin (D:4)
  7 gnolls
  7 adders
  An adder skeleton (D:4)
  A worm (D:2)
  2 dart slugs
  6 orcs
  8 ball pythons
  6 bats
  6 endoplasms
  5 giant cockroaches
  8 goblins
  11 hobgoblins
  4 jackals (D:1)
  5 quokkas
  3 frilled lizards
  4 kobolds
  5 rats
100 creatures vanquished.

Vanquished Creatures (others)
  An ufetubus (D:5)
  7 plants (D:1)
8 creatures vanquished.

Grand Total: 108 creatures vanquished

Notes
Turn   | Place    | Note
-------+----------+-------------------------------------------
     0 | D:1      | cyrus the Gnoll Fighter began the quest for the Orb.
     0 | D:1      | Reached XP level 1. HP: 23/23 MP: 1/1
    73 | D:1      | Reached XP level 2. HP: 28/29 MP: 2/2
   352 | D:1      | Reached XP level 3. HP: 31/35 MP: 3/3
   798 | D:1      | Found a faded altar of an unknown god.
   803 | D:1      | Prayed at the altar of an unknown god.
   803 | D:1      | Became a worshipper of Sif Muna the Loreminder
   803 | D:1      | Reached * piety under Sif Muna
   933 | D:2      | Reached skill level 1 in Invocations
  1239 | D:2      | Reached skill level 1 in Short Blades
  1239 | D:2      | Reached skill level 1 in Axes
  1239 | D:2      | Reached skill level 1 in Maces & Flails
  1239 | D:2      | Reached skill level 1 in Polearms
  1239 | D:2      | Reached skill level 1 in Staves
  1239 | D:2      | Reached skill level 1 in Slings
  1239 | D:2      | Reached skill level 1 in Bows
  1239 | D:2      | Reached skill level 1 in Crossbows
  1239 | D:2      | Reached skill level 1 in Throwing
  1239 | D:2      | Reached skill level 1 in Dodging
  1239 | D:2      | Reached skill level 1 in Stealth
  1239 | D:2      | Reached skill level 1 in Unarmed Combat
  1239 | D:2      | Reached skill level 1 in Spellcasting
  1239 | D:2      | Reached skill level 1 in Evocations
  1306 | D:2      | Reached XP level 4. HP: 41/41 MP: 5/5
  1812 | D:2      | Identified the +5 pair of boots "Icugaare" {rElec Str+6}
  1973 | D:3      | Reached skill level 1 in Conjurations
  1973 | D:3      | Reached skill level 1 in Hexes
  1973 | D:3      | Reached skill level 1 in Summonings
  1973 | D:3      | Reached skill level 1 in Necromancy
  1973 | D:3      | Reached skill level 1 in Translocations
  1973 | D:3      | Reached skill level 1 in Transmutations
  1973 | D:3      | Reached skill level 1 in Fire Magic
  1973 | D:3      | Reached skill level 1 in Ice Magic
  1973 | D:3      | Reached skill level 1 in Air Magic
  1973 | D:3      | Reached skill level 1 in Earth Magic
  1973 | D:3      | Reached skill level 1 in Poison Magic
  2069 | D:3      | Reached ** piety under Sif Muna
  2149 | D:3      | Reached XP level 5. HP: 47/47 MP: 6/6
  2319 | D:3      | Found a sparkling altar of Nemelex Xobeh.
  2737 | D:3      | Identified the +3 battleaxe of Descent {vorpal, Fragile
                  | rCorr Dex+2}
  3074 | D:4      | Noticed Natasha
  3078 | D:4      | Killed Natasha
  3519 | D:4      | Found a burning altar of Makhleb.
  3564 | D:4      | Noticed Robin
  3578 | D:4      | Killed Robin
  3720 | D:4      | Noticed Natasha
  3730 | D:4      | Killed Natasha
  3731 | D:4      | Reached XP level 6. HP: 51/53 MP: 8/8
  3817 | D:4      | Reached skill level 5 in Long Blades
  3978 | D:4      | Noticed Natasha
  3990 | D:4      | Killed Natasha
  4231 | D:5      | Entered Level 5 of the Dungeon
  4239 | D:5      | Noticed a sky beast
  4247 | D:5      | Killed a sky beast
  4248 | D:5      | Reached XP level 7. HP: 60/60 MP: 10/10
  4307 | D:5      | Noticed a hornet
  4320 | D:5      | HP: 2/60 [something (7)]
  4320 | D:5      | Slain by an orc

Illustrated notes

Levels and vault maps discovered:
D:1:      dpeg_arrival_tiny_d, layout_rooms, chequers_ecumenical_altar_lobes,
          minmay_tetromino_o4
D:2:      layout_basic, minmay_unequal
D:3:      layout_basic, mainiacjoe_overflow_boulevard
D:4:      layout_loops_ring, mainiacjoe_overflow_alcove_4, minivault_1,
          uniq_robin, uniq_natasha
D:5:      cheibrodos_fzero, layout_rooms, kennysheep_orc_sif_temple,
          mainiacjoe_overflow_paths, yredelemnul_forgotten_temple_becter,
          minmay_temple_entry_junction

Skill      XL: |  1  2  3  4  5  6  7 |
---------------+----------------------+-----
Invocations    | 1 2 |  2.8
Short Blades   | 1 2 |  2.5
Axes           | 1 2 |  2.5
Maces & Flails | 1 2 |  2.5
Polearms       | 1 2 |  2.5
Staves         | 1 2 |  2.5
Slings         | 1 2 |  2.5
Bows           | 1 2 |  2.5
Crossbows      | 1 2 |  2.5
Throwing       | 1 2 |  2.5
Dodging        | 1 2 |  2.5
Stealth        | 1 2 |  2.5
Unarmed Combat | 1 2 |  2.5
Spellcasting   | 1 2 |  2.5
Evocations     | 1 2 |  2.5
Conjurations   | 1 2 |  2.0
Hexes          | 1 2 |  2.0
Summonings     | 1 2 |  2.0
Necromancy     | 1 2 |  2.0
Translocations | 1 2 |  2.0
Transmutations | 1 2 |  2.0
Fire Magic     | 1 2 |  2.0
Ice Magic      | 1 2 |  2.0
Air Magic      | 1 2 |  2.0
Earth Magic    | 1 2 |  2.0
Poison Magic   | 1 2 |  2.0
Long Blades    | 5 |  5.2
Fighting       | 7 |  7.0
Armour         | 7 |  7.0
Shields        | 7 |  7.0

Action                   |  1- 3 |  4- 6 |  7- 9 || total
-------------------------+-------+-------+-------++-------
Melee: Long sword        |   150 |   122 |       ||   272
       Bite              |    15 |    16 |       ||    31
       Battleaxe         |       |    81 |     7 ||    88
Evoke: Wand              |       |       |     1 ||     1
  Use: Potion            |       |       |     1 ||     1
Armor: Scale mail        |    78 |   116 |    14 ||   208
Dodge: Dodged            |    62 |   106 |    26 ||   194
Block: Buckler           |    34 |    25 |       ||    59

Table legend: (Time is in decaauts)
 A = Elapsed time spent in this place.
 B = Non-inter-level travel time spent in this place.
 C = Inter-level travel time spent in this place.
 D = Time resting spent in this place.
 E = Time spent auto-exploring this place.
 F = Levels seen in this place.
 G = Mean time per level.
                   A        B        C        D        E       F      G
               +--------+--------+--------+--------+--------+-----+--------+
         Total |   4433 |   4241 |    192 |    436 |   2626 |   5 |  886.6 |
       Dungeon |   4433 |   4241 |    192 |    436 |   2626 |   5 |  886.6 |
               +--------+--------+--------+--------+--------+-----+--------+

Top non-repeatable levels by time:
     D:4: 1242 daAuts
     D:3: 1127 daAuts
     D:2: 1039 daAuts
     D:1: 926 daAuts
     D:5: 96 daAuts
